 Dungeon Crawl Stone Soup version 0.29.1-12-g30fa7ad0bf (webtiles) character file.

Game seed: 13153676076659854133

56 KittyFluff the Trooper (level 3, 0/24 HPs)
             Began as a Gargoyle Berserker on Jan 12, 2023.
             Was a Believer of Trog.
             Slain by a gnoll
             ... wielding a +0 club
              (6 damage)
             ... on level 1 of the Dungeon.
             The game lasted 00:04:02 (988 turns).

KittyFluff the Trooper (Gargoyle Berserker)          Turns: 988, Time: 00:04:02

Health: 0/24       AC:  6    Str: 20    XL:     3   Next: 95%
Magic:  3/3        EV: 12    Int:  7    God:    Trog [**....]
Gold:   72         SH:  0    Dex: 17    Spells: 2/2 levels left

rFire   . . .      SeeInvis .   a - +2 flail (drain)
rCold   . . .      Faith    .   (no shield)
rNeg    + . .      Spirit   .   b - +0 animal skin
rPois   ∞          Reflect  .   (no helmet)
rElec   +          Harm     .   (no cloak)
rCorr   .          Rampage  .   i - +0 pair of gloves
Will    .....                   (no boots)
Stlth   ++........              (no amulet)
HPRegen 0.08/turn               m - +6 ring of dexterity
MPRegen 0.08/turn               (no ring)

@: no status effects
A: sickness immunity, AC +3, negative energy resistance 1, electricity
resistance, torment resistance 1, petrification resistance
a: Renounce Religion, Berserk, Trog's Hand


You were on level 1 of the Dungeon.
You worshipped Trog.
Trog was pleased with you.
You visited 1 branch of the dungeon, and saw 2 of its levels.

You collected 72 gold pieces.

Inventory:

Hand Weapons
 a - a +2 flail of draining (weapon)
Armour
 b - a +0 animal skin (worn)
 i - a +0 pair of gloves (worn)
 l - a +0 ring mail
Jewellery
 m - a +6 ring of dexterity (left hand)
Scrolls
 d - a scroll of fog {unknown}
 f - a scroll of acquirement {unknown}
 g - a scroll of teleportation {unknown}
 n - a scroll of identify {unknown}
 o - a scroll of magic mapping {unknown}
 p - a scroll of fear {unknown}
Potions
 c - a potion of curing {unknown}
 e - 2 potions of lignification {unknown}
 h - a potion of might {unknown}
 j - a potion of heal wounds {unknown}
 k - a potion of resistance {unknown}


   Skills:
 + Level 3.7 Fighting
 + Level 3.3 Maces & Flails
 * Level 3.3 Armour
 + Level 2.0 Dodging


You had 2 spell levels left.
You didn't know any spells.
Your spell library was empty.

Dungeon Overview and Level Annotations

Branches:
Dungeon (2/15)

Altars:


Innate Abilities, Weirdness & Mutations

You are immune to sickness and miasma.
Your stone body is resilient. (AC +3)
You are immune to poison.
You resist negative energy. (rN+)
You are resistant to electric shocks. (rElec)
You are resistant to unholy torment.
You are immune to petrification.


Message History

There is a stone staircase leading up here.
A gnoll comes into view. It is wielding a +0 halberd.
You barely miss the gnoll. The gnoll misses you.
The gnoll shouts!
You hit the gnoll. You drain the gnoll.
The gnoll is heavily wounded.
You hear an angry hiss.
A ball python comes into view.
A kobold comes into view.
It is wielding a +1 short sword of draining.
The gnoll hits you with a +0 club. The gnoll misses you.
The kobold shouts!
The gnoll barely misses you. x3
You climb upwards.
There is a stone staircase leading down here.
You hit the gnoll. You drain the gnoll.
You kill the gnoll!
Trog accepts your kill. The gnoll closely misses you. The gnoll misses you.
The gnoll attacks as you move away! The gnoll hits you with a +0 flail.
The gnoll attacks as you move away! The gnoll hits you but does no damage.
Things that are here:
a +0 whip; a gnoll corpse You barely miss the gnoll.
The gnoll hits you with a +0 flail.
You sock the gnoll!
The gnoll is severely wounded.
The gnoll hits you with a +0 flail. x2
* * * LOW HITPOINT WARNING * * *
You hit the gnoll.
The gnoll is almost dead.
The gnoll closely misses you.
You hit the gnoll.
You kill the gnoll!
Trog accepts your kill.
You hit the gnoll.
The gnoll is moderately wounded.
The gnoll closely misses you.
You barely miss the gnoll.
The gnoll is moderately wounded.
The gnoll hits you with a +0 club.
You die...

# ### # ###########
#.############## #.........#
###.............).
#.........######...............†.
#.........#.....>#....###########
#.........#.####g#....'....######
#.........#.####@#....####.......
#.........#......#....# #..####.
#.[.......######.#....# #.......
#..........# #........# #.......
#..........#####.#....####.......
#..................#.............
####...........#.###.#####.......
#####.........# #.#...........
#.........# #.#...........


You could see a gnoll.

Vanquished Creatures
  2 gnolls (D:1)
  4 bats (D:1)
  An endoplasm (D:1)
  2 giant cockroaches (D:1)
  7 goblins (D:1)
  2 hobgoblins (D:1)
  4 jackals (D:1)
  A kobold (D:1)
  6 ball pythons (D:1)
  2 frilled lizards (D:1)
  2 rats (D:1)
33 creatures vanquished.

Notes
Turn   | Place    | Note
-------+----------+-------------------------------------------
     0 | D:1      | KittyFluff the Gargoyle Berserker began the quest for the
                  | Orb.
     0 | D:1      | Reached XP level 1. HP: 14/14 MP: 1/1
   153 | D:1      | Reached XP level 2. HP: 19/19 MP: 2/2
   368 | D:1      | Found a faded altar of an unknown god.
   457 | D:1      | Reached XP level 3. HP: 22/23 MP: 3/3
   574 | D:1      | Reached ** piety under Trog
   988 | D:1      | Slain by a gnoll

Illustrated notes

Levels and vault maps discovered:
D:1:      dpeg_arrival_round_a, layout_basic,
          ebering_ecumenical_altar_sacrificial, minmay_tetromino_t4
D:2:      minmay_inner_zag, layout_basic, basic_altar, minmay_tall_x

Skill      XL: |  1  2  3 |
---------------+----------+-----
Armour         | 3 |  3.3
Dodging        | 2 |  2.0
Fighting       | |  3.7
Maces & Flails | |  3.3

Action                   || total
-------------------------++-------
Melee: Flail             ||    68
Armor: Animal skin       ||    23
Dodge: Dodged            ||    57
